 Dungeon Crawl Stone Soup version 0.28-a0-1234-g826d19b2e0 (webtiles) character file.

Game seed: 11112809307087441815

6721 Adrian566 the Basher (level 10, -3/98 HPs)
             Began as a Troll Fighter on Dec 23, 2021.
             Was a High Priest of Cheibriados.
             Slain by a raiju (9 damage)
             ... on level 8 of the Dungeon.
             The game lasted 00:15:04 (6849 turns).

Adrian566 the Basher (Troll Fighter)                Turns: 6849, Time: 00:15:05

Health: -3/98      AC: 18    Str: 47    XL:     10   Next: 74%
Magic:  9/9        EV: 13    Int: 19    God:    Cheibriados [*****.]
Gold:   316        SH:  0    Dex: 20    Spells: 9/9 levels left

rFire   + . .      SeeInvis .   n - +0 giant spiked club (protect)
rCold   . . .      Faith    .   (shield currently unavailable)
rNeg    . . .      Spirit   .   o - +2 robe {rF+}
rPois   .          Reflect  .   (helmet restricted)
rElec   .          Harm     .   v - +0 cloak
rCorr   .          Rampage  .   (gloves unavailable)
Will    .....                   (boots unavailable)
Stlth   +++.......              (no amulet)
HPRegen 1.06/turn               f - +4 ring of protection
MPRegen 0.11/turn               t - +6 ring of strength

@: under a protective aura, studying Bows, very slow
A: large, unfitting armour, claws 3, regeneration 1, shaggy fur 1, tough skin 1,
antennae 1, clever 2
a: Renounce Religion, Bend Time, Temporal Distortion, Slouch, Step From Time


You were on level 8 of the Dungeon.
You worshipped Cheibriados.
Cheibriados was extremely pleased with you.
You visited 2 branches of the dungeon, and saw 9 of its levels.
You visited the Abyss 1 time.

You collected 316 gold pieces.

Inventory:

Hand Weapons
 a - a +1 flail
 n - a +0 giant spiked club of protection (weapon)
Missiles
 g - 2 boomerangs (quivered)
Armour
 b - a +1 robe
 c - a +0 kite shield
 o - a +2 robe of fire resistance (worn)
 v - a +0 cloak (worn)
Jewellery
 f - a +4 ring of protection (left claw)
 t - a +6 ring of strength (right claw)
Wands
 d - a wand of mindburst (14)
 s - a wand of acid (9)
 u - a wand of iceblast (8)
Scrolls
 i - 3 scrolls of immolation
 k - a scroll of fog
 l - a scroll of magic mapping
 m - a scroll of fear
 p - a scroll of identify
Potions
 h - 2 potions of curing
 q - a potion of cancellation {unknown}


   Skills:
 + Level 5.8 Fighting
 * Level 11.8 Maces & Flails
 + Level 1.1 Throwing
 + Level 6.0 Dodging
 + Level 2.7 Stealth
 + Level 2.9 Shields


You had 9 spell levels left.
You didn't know any spells.
Your spell library contained the following spells:

 Spells                   Type           Power      Damage    Failure   Level
 Blink                    Tloc           0%         N/A       30%         2
 Lesser Beckoning         Tloc           0%         N/A       52%         3
 Spider Form              Tmut/Pois      0%         N/A       52%         3
 Summon Lightning Spire   Summ/Air       0%         N/A       90%         4
 Manifold Assault         Tloc           0%         N/A       99%         5
 Monstrous Menagerie      Summ           0%         N/A       100%        7


Dungeon Overview and Level Annotations

Branches:
Dungeon (8/15)             Temple (1/1) D:6
   Lair: D:8-11

Altars:
Ashenzari
Cheibriados
Dithmenos
Elyvilon
Fedhas
Gozag
Hepliaklqana
Kikubaaqudgha
Makhleb
Nemelex Xobeh
Okawaru
Qazlal
Ru
Sif Muna
Trog
Uskayaw
Vehumet
Wu Jian
Xom
Yredelemnul
Zin
The Shining One

Shops:
D:2 *   D:4 [   D:7 **

Annotations:
D:6 3 runed translucent doors, flotson's ghost, novice DsGl
D:8 Psyche


Innate Abilities, Weirdness & Mutations

You are too large for most types of armour.
You have claws for hands.
Your natural rate of healing is unusually fast.
You are covered in fur. (AC +1)
You have tough skin. (AC +1)
You have a pair of small antennae on your head.
Your mind is very acute. (Int +4)


Message History

You feel sick.
You hear some strange, mumbled words.
A swirling arc of seething chaos appears!
An arc of chaos appears from out of thin air!
The arc of chaos hits you.
The raiju bursts into living lightning!
The living lightning hits you!!
The raiju blinks! x2
The raiju barely misses you. Something hits you.
As you read the scroll of fear, it crumbles to dust.
You assume a fearsome visage.
The raiju looks frightened!
The water moccasin looks frightened!
You feel sick.
You feel sick.
You feel sick.
You are no longer poisoned.
Found a stone staircase leading up.
The raiju bites you. The raiju shocks you! The raiju bites you.
* * * LOW HITPOINT WARNING * * *
The raiju shocks you!
* * * LOW HITPOINT WARNING * * *
You closely miss the raiju. The raiju bites you.
* * * LOW HITPOINT WARNING * * *
The raiju shocks you!
* * * LOW HITPOINT WARNING * * *
You feel much better. The raiju bites you.
* * * LOW HITPOINT WARNING * * *
The raiju shocks you!
* * * LOW HITPOINT WARNING * * *
You perforate the raiju like a sieve!!!
Your weapon exudes an aura of protection.
The raiju is almost dead.
The raiju bites you.
* * * LOW HITPOINT WARNING * * *
The raiju shocks you!
* * * LOW HITPOINT WARNING * * *
You barely miss the raiju.
The raiju is almost dead.
The raiju bites you but does no damage. The raiju bites you.
* * * LOW HITPOINT WARNING * * *
The raiju shocks you!
You die...

.....................
............#........ .
...........).#....... ..
...h.........#.......
#.<........###.##.......
#..........####.........
#.....###....##.#..##...
......##................
...##..@.###...#....##..
........h##....###...#..
......#.##....S.####....
......##........... ..
....#.S.........#... .
...##.h{.###........
..##...ยง..#......... ..
#...............
#....[..........


You could see a raiju.

Vanquished Creatures
  A vampire mage (Abyss:1)
  A thrashing horror (Abyss:1)
  Pikel (D:5)
  Joseph (D:8)
  2 orange demons (Abyss:1)
  An ice devil (Abyss:1)
  Grinder (D:6)
  Prince Ribbit (D:5)
  2 ynoxinuls (Abyss:1)
  Sigmund (D:5)
  A shadow (D:6)
  Menkaure (D:6)
  An acid dragon (D:5)
  Duvessa (D:6)
  A water moccasin (D:7)
  2 black bears
  2 ice beasts
  4 necrophages
  A sky beast (D:6)
  An ogre (D:6)
  2 centaurs (D:7)
  A phantom (D:5)
  Blork the orc (D:4)
  A bullfrog (D:7)
  A kobold brigand (D:5)
  A gnoll sergeant (D:4)
  2 scorpions
  Dowan (D:6)
  10 wights
  2 howler monkeys
  2 centaur zombies (D:6)
  2 hounds
  2 jellies
  A scorpion zombie (D:5)
  A bullfrog skeleton (D:6)
  An iguana (D:5)
  Jessica (D:3)
  9 gnolls
  A howler monkey skeleton (D:5)
  4 adders
  A white imp (Abyss:1)
  An adder skeleton (D:4)
  2 worms
  2 dart slugs
  6 orcs
  8 bats
  6 endoplasms
  3 giant cockroaches
  10 goblins
  4 hobgoblins
  4 jackals (D:1)
  14 kobolds
  4 quokkas
  10 ball pythons
  5 frilled lizards
  4 rats
157 creatures vanquished.

Vanquished Creatures (others)
  An endoplasm (D:3)
  A fungus (D:1)
  3 plants (D:1)
5 creatures vanquished.

Grand Total: 162 creatures vanquished

Notes
Turn   | Place    | Note
-------+----------+-------------------------------------------
     0 | D:1      | Adrian566 the Troll Fighter began the quest for the Orb.
     0 | D:1      | Reached XP level 1. HP: 22/22 MP: 0/0
   173 | D:1      | Gained mutation: Armour fits poorly on your strangely
                  | shaped body. [potion of mutation]
   193 | D:1      | Reached XP level 2. HP: 27/29 MP: 1/1
   195 | D:1      | Found a faded altar of an unknown god.
   390 | D:1      | Reached skill level 2 in Maces & Flails
   627 | D:1      | Reached XP level 3. HP: 36/36 MP: 2/2
   885 | D:1      | Prayed at the altar of an unknown god.
   885 | D:1      | Became a worshipper of Cheibriados the Contemplative
   885 | D:1      | Reached * piety under Cheibriados
  1053 | D:2      | Found a snail-covered altar of Cheibriados.
  1419 | D:2      | Reached XP level 4. HP: 44/44 MP: 3/3
  1428 | D:2      | Found Mifysama's General Store.
  1489 | D:2      | Reached ** piety under Cheibriados
  1696 | D:3      | Noticed Jessica
  1697 | D:3      | Killed Jessica
  1706 | D:3      | Reached skill level 3 in Maces & Flails
  1878 | D:3      | Got the Handbook of Companions and Transformation
  1933 | D:3      | You fall into a shaft and drop 2 floors!
  1933 | D:5      | Entered Level 5 of the Dungeon
  1933 | D:5      | Noticed an acid dragon
  1938 | D:5      | Killed an acid dragon
  1939 | D:5      | Reached skill level 4 in Maces & Flails
  1939 | D:5      | Reached XP level 5. HP: 39/53 MP: 4/4
  1939 | D:5      | Noticed an ice beast
  1944 | D:5      | Killed an ice beast
  1945 | D:5      | Reached XP level 6. HP: 55/61 MP: 5/5
  1974 | D:5      | Lost mutation: Armour fits poorly on your strangely shaped
                  | body. [potion of mutation]
  1974 | D:5      | Gained mutation: You have sharp toenails. [potion of
                  | mutation]
  1981 | D:5      | Noticed Prince Ribbit
  2014 | D:6      | Noticed a shadow
  2014 | D:6      | Found a staircase to the Ecumenical Temple.
  2022 | D:6      | Killed a shadow
  2022 | D:6      | Reached *** piety under Cheibriados
  2023 | D:6      | Reached skill level 5 in Maces & Flails
  2023 | D:6      | Reached skill level 1 in Stealth
  2023 | D:6      | Reached XP level 7. HP: 8/67 MP: 6/6
  2159 | D:6      | Reached skill level 6 in Maces & Flails
  2179 | D:6      | Noticed Duvessa
  2186 | D:6      | Killed Duvessa
  2187 | D:6      | Reached XP level 8. HP: 66/78 MP: 7/7
  2211 | D:6      | Noticed Dowan
  2219 | D:6      | Killed Dowan
  2263 | D:6      | Found an iron altar of Okawaru.
  2398 | D:6      | Noticed flotson's ghost (novice DsGl)
  2400 | D:6      | Noticed a two-headed ogre
  2469 | D:6      | Noticed Menkaure
  2471 | D:6      | Noticed Grinder
  2473 | D:6      | Paralysed by Grinder for 4 turns
  2480 | D:6      | Killed Menkaure
  2481 | D:6      | Reached skill level 7 in Maces & Flails
  2489 | D:6      | Paralysed by Grinder for 6 turns
  2495 | D:6      | Killed Grinder
  2570 | D:6      | Found a runed translucent gate.
  2571 | D:6      | Found a runed translucent gate.
  2572 | D:6      | Found a runed translucent gate.
  2618 | D:6      | Reached skill level 1 in Throwing
  2780 | D:6      | Reached skill level 8 in Maces & Flails
  3143 | Temple   | Entered the Ecumenical Temple
  3507 | D:5      | Reached XP level 9. HP: 83/85 MP: 8/8
  3517 | D:5      | Killed Prince Ribbit
  3528 | D:5      | Reached **** piety under Cheibriados
  3559 | D:5      | Noticed Pikel
  3562 | D:5      | Killed Pikel
  3563 | D:5      | Reached skill level 5 in Dodging
  3609 | D:5      | Reached skill level 9 in Maces & Flails
  3666 | D:5      | Found a burning altar of Makhleb.
  3667 | D:5      | Found a bloodstained altar of Trog.
  3667 | D:5      | Found a basalt altar of Yredelemnul.
  3911 | D:5      | Reached skill level 5 in Fighting
  4018 | D:5      | Noticed Sigmund
  4029 | D:5      | Killed Sigmund
  4726 | D:4      | Noticed Blork the orc
  4735 | D:4      | Killed Blork the orc
  4823 | D:4      | Found Uleffoj's Armour Emporium.
  4939 | D:4      | Found a glowing golden altar of the Shining One.
  5174 | D:7      | Found Liblempe's General Store.
  5174 | D:7      | Found Tyhilut's Specific Store.
  5228 | D:7      | Lost mutation: You have sharp toenails. [potion of
                  | mutation]
  5228 | D:7      | Gained mutation: You are frail. (-10% HP) [potion of
                  | mutation]
  5229 | D:7      | Lost mutation: You are frail. (-10% HP) [potion of
                  | mutation]
  5229 | D:7      | Gained mutation: You are weak. (Str -2) [potion of
                  | mutation]
  5229 | D:7      | Gained mutation: You have very sharp teeth. [potion of
                  | mutation]
  5229 | D:7      | Gained mutation: You are dopey. (Int -2) [potion of
                  | mutation]
  5259 | D:7      | Found a blossoming altar of Fedhas.
  5465 | D:7      | Reached skill level 10 in Maces & Flails
  5517 | D:7      | Lost mutation: You have very sharp teeth. [potion of
                  | mutation]
  5517 | D:7      | Lost mutation: You are dopey. (Int -2) [potion of mutation]
  5517 | D:7      | Gained mutation: You are partially covered in iridescent
                  | scales. (AC +2) [potion of mutation]
  5517 | D:7      | Gained mutation: Your movements are slightly less
                  | encumbered by armour. (ER -2) [potion of mutation]
  5518 | D:7      | Lost mutation: You are weak. (Str -2) [potion of mutation]
  5518 | D:7      | Lost mutation: You are partially covered in iridescent
                  | scales. (AC +2) [potion of mutation]
  5518 | D:7      | Lost mutation: Your movements are slightly less encumbered
                  | by armour. (ER -2) [potion of mutation]
  5518 | D:7      | Gained mutation: Your mind is acute. (Int +2) [potion of
                  | mutation]
  5518 | D:7      | Gained mutation: Your mind is very acute. (Int +4) [potion
                  | of mutation]
  5518 | D:7      | Gained mutation: You have a pair of small antennae on your
                  | head. [potion of mutation]
  5938 | D:7      | Reached XP level 10. HP: 94/95 MP: 9/9
  6198 | D:8      | Noticed Joseph
  6456 | D:8      | Killed Joseph
  6456 | D:8      | Reached ***** piety under Cheibriados
  6534 | D:8      | Noticed Psyche
  6539 | D:8      | Cast into level 1 of the Abyss (Psyche)
  6539 | Abyss:1  | Found a corrupted altar of Lugonu.
  6583 | Abyss:1  | Noticed an eidolon
  6629 | Abyss:1  | Noticed a vampire mage
  6637 | Abyss:1  | Killed a vampire mage
  6638 | Abyss:1  | Reached skill level 11 in Maces & Flails
  6694 | Abyss:1  | Noticed an orange demon
  6699 | Abyss:1  | Noticed an orange demon
  6705 | Abyss:1  | Killed an orange demon
  6723 | Abyss:1  | Killed an orange demon
  6788 | Abyss:1  | Noticed a thrashing horror
  6794 | Abyss:1  | Killed a thrashing horror
  6832 | D:8      | Escaped the Abyss
  6849 | D:8      | Slain by a raiju

Illustrated notes

Levels and vault maps discovered:
D:1:      minmay_arrival_four_loops, layout_loops_corners,
          shapermc_ecumenical_altar_mp_ritualfount
D:2:      layout_loops_cross, serial_shops, nicolae_shop_statue_plus,
          basic_altar, hangedman_decor_points, minmay_pentomino_v4
D:3:      layout_loops_corners, minmay_misc_feat_enclosed, lemuel_flame_loot_1,
          uniq_jessica
D:4:      layout_basic, mainiacjoe_overflow_alcove_2, serial_shops,
          kennysheep_little_box, uniq_blork_the_orc
D:5:      layout_basic, chequers_temple_overflow_statue_of_worship,
          uniq_prince_ribbit1, uniq_pikel, uniq_sigmund
D:6:      layout_loops_corners, kennysheep_okawaru_gauntlet, temple_pool_b,
          gammafunk_ghost_split, uniq_grinder, uniq_duvessa, uniq_menkaure
D:7:      layout_loops_corners, mainiacjoe_overflow_alcove_4,
          nicolae_specific_store, minmay_manual_mares
D:8:      layout_cave_pools, supply_closet_lemuel, uniq_psyche, uniq_joseph
Temple:   eino_temple_rhombus

Skill      XL: |  1  2  3  4  5  6  7  8  9 10 |
---------------+-------------------------------+-----
Maces & Flails | 2 4 5 6 8 10 11 | 11.8
Dodging        | 3 4 5 6 |  6.0
Fighting       | 3 4 5 |  5.8
Stealth        | 1 2 |  2.7
Throwing       | 1 |  1.1
Shields        | |  2.9

Action                   |  1- 3 |  4- 6 |  7- 9 | 10-12 || total
-------------------------+-------+-------+-------+-------++-------
Melee: Flail             |   142 |     6 |       |       ||   148
       Giant spiked club |       |    67 |   163 |    52 ||   282
       Kick              |       |     7 |    62 |       ||    69
       Bite              |       |       |     1 |       ||     1
Throw: Boomerang         |     8 |       |     1 |       ||     9
  Use: Potion            |     1 |     4 |     9 |     6 ||    20
       Scroll            |     2 |     6 |     2 |     5 ||    15
 Stab: Sleeping          |     2 |     4 |     7 |       ||    13
Armor: Robe              |    93 |    37 |   117 |    51 ||   298
Dodge: Dodged            |    82 |    69 |   164 |    75 ||   390
Block: Kite shield       |    80 |     4 |       |       ||    84

Table legend: (Time is in decaauts)
 A = Elapsed time spent in this place.
 B = Non-inter-level travel time spent in this place.
 C = Inter-level travel time spent in this place.
 D = Time resting spent in this place.
 E = Time spent auto-exploring this place.
 F = Levels seen in this place.
 G = Mean time per level.
                   A        B        C        D        E       F      G
               +--------+--------+--------+--------+--------+-----+--------+
         Total |  10288 |   9331 |    957 |    267 |   7136 |  10 | 1028.8 |
       Dungeon |   9498 |   8638 |    860 |    267 |   6682 |   8 | 1187.2 |
        Temple |    339 |    242 |     97 |      0 |    219 |   1 |  339.0 |
         Abyss |    450 |    450 |      0 |      0 |    234 |   1 |  450.0 |
               +--------+--------+--------+--------+--------+-----+--------+

Top non-repeatable levels by time:
     D:6: 2025 daAuts
     D:7: 1874 daAuts
     D:5: 1463 daAuts
     D:4: 1410 daAuts
     D:1: 1006 daAuts
     D:2: 998 daAuts
 Abyss:1: 450 daAuts
     D:3: 410 daAuts
  Temple: 339 daAuts
     D:8: 309 daAuts
